 Dungeon Crawl Stone Soup version 0.25-a0-290-g4a1327ee3a (webtiles) character file.

Game seed: 14444700440652453640, levelgen mode: deterministic

64661 spaz the Tortoise (level 15, -14/133 HPs)
             Began as a Formicid Venom Mage on Dec 15, 2019.
             Was a High Priest of Okawaru.
             Demolished by a sun demon (16 damage)
             ... summoned by an orc high priest
             ... on level 2 of the Orcish Mines.
             The game lasted 01:28:22 (32200 turns).

spaz the Tortoise (Formicid Venom Mage)            Turns: 32200, Time: 01:28:23

Health: -14/133    AC: 20    Str: 22    XL:     15   Next: 55%
Magic:  22/22      EV:  7    Int: 17    God:    Okawaru [*****.]
Gold:   1807       SH: 10    Dex: 13    Spells: 16/22 levels left

rFire    . . .     SeeInvis +   U - +1 battleaxe (elec)
rCold    + . .     Gourm    .   V - +0 shield
rNeg     . . .     Faith    .   I - +3 chain mail {rC+}
rPois    +         Spirit   .   (helmet unavailable)
rElec    .         Reflect  .   B - +0 cloak
rCorr    .         Harm     .   n - +0 pair of gloves
MR       +....                  Q - +0 pair of boots {Stlth+}
Stlth    ..........             Y - amulet of regeneration
HPRegen  0.72/turn              E - ring of poison resistance
MPRegen  0.18/turn              C - +5 ring of strength

@: drained
A: permanent stasis, dig shafts and tunnels, four strong arms, antennae 3, fangs
1, agile 1, robust 1
a: Dig, Shaft Self, Heroism, Finesse, Renounce Religion


You were on level 2 of the Orcish Mines.
You worshipped Okawaru.
Okawaru was extremely pleased with you.
You were not hungry.

You visited 3 branches of the dungeon, and saw 21 of its levels.
You also visited: Gauntlet.

You collected 1862 gold pieces.
You spent 55 gold pieces at shops.

Inventory:

Hand Weapons
 a - a +2 hand axe of electrocution
 b - a +1 hand axe of flaming
 U - a +1 battleaxe of electrocution (weapon)
Missiles
 g - a throwing net
 l - 33 poisoned darts (quivered)
 p - 22 boomerangs
 N - 24 javelins
 O - 4 silver javelins
Armour
 n - a +0 pair of gloves (worn)
 B - a +0 cloak (worn)
 I - a +3 chain mail of cold resistance (worn)
 L - a scarf of repulsion
 Q - a +0 pair of boots of stealth (worn)
 V - a +0 shield (worn)
Jewellery
 d - an uncursed amulet of magic regeneration
 f - an uncursed ring of protection from fire
 h - an uncursed ring of positive energy
 v - a +2 ring of evasion
 C - a +5 ring of strength (right hand)
 E - a ring of poison resistance (left hand)
 Y - an amulet of regeneration (around neck)
 Z - an uncursed amulet of guardian spirit {unknown}
Wands
 x - a wand of random effects (24)
 F - a wand of digging (5)
 G - a wand of iceblast (27)
 H - a wand of polymorph (6)
 K - a wand of scattershot (1)
 M - a wand of flame (44)
 W - a wand of acid (17)
Scrolls
 k - 2 scrolls of fog
 m - 5 scrolls of immolation
 o - a scroll of summoning {unknown}
 q - 2 scrolls of enchant armour {unknown}
 s - 5 scrolls of magic mapping
 u - 5 scrolls of remove curse
 y - 2 scrolls of enchant weapon
 A - a scroll of identify
 D - 2 scrolls of fear {unknown}
 S - a scroll of brand weapon {unknown}
 T - a scroll of random uselessness {unknown}
 X - 2 scrolls of holy word {unknown}
Potions
 e - 5 potions of degeneration
 i - 11 potions of curing
 j - a potion of invisibility
 r - 2 potions of brilliance
 t - 4 potions of lignification
 w - 2 potions of ambrosia
 J - 3 potions of resistance
 P - 2 potions of agility
 R - a potion of berserk rage {unknown}
Comestibles
 c - 36 rations
 z - 5 chunks of flesh


   Skills:
 + Level 12.2(10.9) Fighting
   Level 2.4(1.4) Short Blades
 * Level 12.3(11.1) Axes
   Level 2.5(7.2) Polearms
 + Level 5.1(3.9) Throwing
 * Level 15.5(14.0) Armour
 - Level 1.7(0.7) Dodging
 - Level 2.4(1.3) Stealth
 * Level 5.4(4.2) Shields
 - Level 4.4(3.3) Spellcasting
   Level 1.7(0.7) Transmutations
 - Level 4.5(3.4) Air Magic
 - Level 6.7(5.5) Poison Magic
 - Level 9.4(8.2) Invocations
 + Level 2.2(1.1) Evocations


You had 16 spell levels left.
You knew the following spells:

 Your Spells              Type           Power        Failure   Level  Hunger
b - Poisonous Vapours     Pois/Air       ###...       50%         2    ##.....
c - Olgreb's Toxic Radia  Pois           ###.....     94%         4    ####...

Your spell library contained the following spells:

 Spells                   Type           Power        Failure   Level  Hunger
 Sting                    Tmut/Pois      ##..         54%         1    None
 Mephitic Cloud           Conj/Pois/Air  ##......     91%         3    ###....
 Animate Skeleton         Necr           N/A          94%         1    None
 Apportation              Tloc           #.....       94%         1    None
 Confusing Touch          Hex            #.....       94%         1    None
 Foxfire                  Conj/Fire      #...         94%         1    None
 Magic Dart               Conj           #...         94%         1    None
 Summon Small Mammal      Summ           #...         94%         1    None
 Ignite Poison            Fire/Tmut/Pois #.......     96%         3    ###....
 Call Imp                 Summ           #.......     98%         2    ##.....
 Slow                     Hex            #.......     98%         2    ##.....
 Call Canine Familiar     Summ           #.......     100%        3    ###....
 Confuse                  Hex            #.......     100%        3    ###....
 Conjure Flame            Conj/Fire      #.......     100%        3    ###....
 Gell's Gravitas          Tloc           #.........   100%        3    ###....
 Inner Flame              Hex/Fire       #.......     100%        3    ###....
 Summon Guardian Golem    Hex/Summ       #.......     100%        3    ###....
 Petrify                  Tmut/Erth      #.......     100%        4    ####...
 Sticky Flame             Conj/Fire      #.......     100%        4    ####...
 Summon Ice Beast         Ice/Summ       #.......     100%        4    ####...
 Summon Lightning Spire   Summ/Air       #.......     100%        4    ####...
 Fireball                 Conj/Fire      #.........   100%        5    ######.
 Metabolic Englaciation   Hex/Ice        #.........   100%        5    ######.
 Yara's Violent Unravell  Hex/Tmut       #.........   100%        5    ######.
 Blink                    Tloc           Unusable     N/A         2    N/A

Dungeon Overview and Level Annotations

Branches:
Dungeon (13/15)            Temple (0/1) D:5            Lair (6/6) D:8
 Shoals (0/4) Lair:4        Snake (0/4) Lair:4        Slime (0/5) Lair:6
    Orc (2/2) D:12            Elf (0/3) Orc:2       Gauntlet (visited)
 Vaults: D:13-14

Altars:
Ashenzari
Cheibriados
Dithmenos
Gozag
Kikubaaqudgha
Makhleb
Okawaru
Qazlal
Trog
Vehumet
Wu Jian
Yredelemnul
Zin
The Shining One

Shops:
D:6 ?   D:8 *}*(?   Orc:1 *   Orc:2 (

Annotations:
D:4 exclusion: 2 downstairs
D:9 exclusion: downstairs
D:10 3 runed translucent doors, exclusion: ice statue
D:12 1 transporter, Xawouharch's ghost, journeyman GrVM
Lair:4 exclusion: downstairs
Orc:1 3 runed translucent doors, exclusion: obsidian statue, Yermak's ghost, journeyman CeFE


Innate Abilities, Weirdness & Mutations

You cannot be hasted, slowed, berserked, paralysed or teleported.
You can dig through walls and to a lower floor.
Your four strong arms can wield two-handed weapons with a shield.
You have a pair of large antennae on your head. (SInv)
You have very sharp teeth.
You are agile. (Dex +2)
You are robust. (+10% HP)


Message History

You block the orc warrior's attack. You block the sun demon's attack.
You feel better.
The orc high priest calls upon Beogh to heal the orc priest.
The orc priest's wounds heal themselves!
You block the sun demon's attack. The sun demon completely misses you.
The soul eater hits you.
* * * LOW HITPOINT WARNING * * *
You feel drained.
* * * LOW HITPOINT WARNING * * *
You extend your mandibles.
You dig through the rock wall.
The orc priest invokes the aid of Beogh against you.
Beogh smites you!
* * * LOW HITPOINT WARNING * * *
The orc high priest calls down the wrath of Beogh upon you.
Beogh smites you!
* * * LOW HITPOINT WARNING * * *
The orc high priest prays to Beogh.
You dig through the rock wall.
The sun demon hits you!
You die...

........<.....###.........
.............####.#........
..............##)...........
..........<.....)............
...........#..................
.........###.....o..o#..o........
..........###.###o33.............
.........##.#####3#.{............
...^.....#...###@##..............
..............#####.........#o...
...##..........# #...............
..###.........#####..........[)).
.## ##.#......∩..##...........)))
## ####.....######.##....###### #
###..........#####..## { ###
##.#.......#...# #.##{ { { ..##
#.............## #.# {


You could see a soul eater, 2 sun demons, an orc warrior, an orc priest and an
orc wizard.

Vanquished Creatures
  Gastronok (D:12)
  A dire elephant (Lair:6)
  A minotaur (Gauntlet)
  9 hydras
  A catoblepas (Lair:6)
  Erica (Orc:1)
  A two-headed ogre (D:10)
  7 death yaks
  A queen ant (Gauntlet)
  A deep troll shaman (Lair:6)
  An orc high priest (Orc:2)
  Nergalle (Lair:2)
  A fire crab (Gauntlet)
  An unseen horror (D:12)
  Pikel (D:5)
  2 orc knights (Orc:1)
  2 orc sorcerers
  A necromancer (Lair:2)
  An ugly thing (D:13)
  2 cyclopes (D:13)
  13 elephants
  2 torpor snails
  5 black mambas
  A gargoyle (D:13)
  7 spiny frogs
  A kobold demonologist (D:11)
  9 komodo dragons
  A polar bear (Lair:4)
  5 trolls
  9 blink frogs
  Prince Ribbit (D:5)
  5 slime creatures (D:13)
  13 dream sheep
  5 hippogriffs
  A vampire (D:12)
  2 wraiths
  29 yaks
  2 wyverns
  3 fire bats (Gauntlet)
  3 hungry ghosts
  3 basilisks
  11 water moccasins
  6 soldier ants (Gauntlet)
  22 orc warriors
  5 porcupines
  3 black bears
  6 sky beasts
  13 ogres
  3 ice beasts
  A phantom (D:11)
  2 eyes of draining
  24 wolves
  9 centaurs
  12 crocodiles
  12 bullfrogs
  24 big kobolds
  4 gnoll sergeants
  5 scorpions
  15 killer bees
  4 wights
  A howler monkey (D:12)
  2 electric eels (Lair:4)
  4 crimson imps
  2 centaur zombies
  2 bullfrog zombies
  A quasit (D:13)
  7 hounds
  3 jellies
  15 orc priests
  Crazy Yiuf (D:3)
  20 orc wizards
  Jessica (D:2)
  5 iguanas
  Ijyb (D:5)
  2 yak simulacra (Lair:2)
  12 worker ants
  5 hell rats (Lair:1)
  2 polar bear simulacra (Lair:2)
  2 wolf simulacra (Lair:2)
  A hound zombie (D:5)
  2 hound skeletons
  Robin (D:2)
  A howler monkey zombie (D:10)
  2 worker ant zombies
  22 adders
  7 gnolls
  6 river rats (Lair:1)
  2 shadow imps
  2 oozes
  An adder zombie (D:6)
  2 adder skeletons
  4 worms
  3 dart slugs
  9 leopard geckos
  62 orcs
  9 bats
  2 giant cockroaches
  15 goblins
  9 hobgoblins
  9 jackals
  10 kobolds
  4 quokkas
  7 ball pythons
  3 frilled lizards
  A jackal zombie (D:8)
  A quokka skeleton (D:7)
  2 quokka zombies
  13 rats
  5 river rat simulacra (Lair:2)
  4 fungi
  4 plants (Lair:6)
651 creatures vanquished.

Vanquished Creatures (others)
  Grinder (D:5)
  A phantom (D:5)
  4 slaves (D:5)
  A leopard gecko (D:5)
  An orc (D:5)
  A giant cockroach (D:5)
  A ball python skeleton (D:5)
  3 fungi
  A plant (Lair:6)
14 creatures vanquished.

Grand Total: 665 creatures vanquished

Notes
Turn   | Place    | Note
-------+----------+-------------------------------------------
     0 | D:1      | spaz the Formicid Venom Mage began the quest for the Orb.
     0 | D:1      | Reached XP level 1. HP: 13/13 MP: 3/3
   378 | D:1      | Reached XP level 2. HP: 14/19 MP: 3/5
   552 | D:1      | Learned a level 2 spell: Poisonous Vapours
   783 | D:1      | Reached XP level 3. HP: 22/24 MP: 6/6
  1593 | D:1      | Reached skill level 1 in Air Magic
  1830 | D:2      | Reached skill level 1 in Armour
  1850 | D:2      | Noticed Jessica
  1864 | D:2      | Reached XP level 4. HP: 26/30 MP: 2/7
  2103 | D:2      | Noticed Robin
  2125 | D:2      | Killed Robin
  2387 | D:2      | Reached XP level 5. HP: 33/36 MP: 3/9
  2702 | D:2      | Killed Jessica
  2702 | D:2      | Reached skill level 5 in Poison Magic
  3095 | D:3      | Reached skill level 1 in Short Blades
  3224 | D:3      | Learned a level 4 spell: Olgreb's Toxic Radiance
  3494 | D:3      | Reached skill level 1 in Fighting
  3869 | D:3      | Found a runed translucent door.
  3870 | D:3      | Noticed Crazy Yiuf
  4232 | D:3      | Killed Crazy Yiuf
  4232 | D:3      | Reached XP level 6. HP: 29/43 MP: 2/10
  4482 | D:4      | Reached skill level 2 in Armour
  4748 | D:4      | Found an ancient bone altar of Kikubaaqudgha.
  4750 | D:4      | Found an iron altar of Okawaru.
  4753 | D:4      | Found an ornate altar of the Wu Jian Council.
  4754 | D:4      | Found a glowing golden altar of the Shining One.
  4754 | D:4      | Found a basalt altar of Yredelemnul.
  5075 | D:4      | Reached XP level 7. HP: 48/48 MP: 6/11
  5188 | D:4      | Became a worshipper of Warmaster Okawaru
  5201 | D:5      | Entered Level 5 of the Dungeon
  5217 | D:5      | Noticed Prince Ribbit
  5217 | D:5      | Noticed Pikel
  5233 | D:5      | Killed Pikel
  5233 | D:5      | Reached * piety under Okawaru
  5233 | D:5      | Reached ** piety under Okawaru
  5233 | D:5      | Reached skill level 3 in Armour
  5233 | D:5      | Reached XP level 8. HP: 46/54 MP: 2/14
  5300 | D:5      | Noticed Grinder
  5458 | D:5      | Killed Prince Ribbit
  5458 | D:5      | Reached skill level 4 in Armour
  5458 | D:5      | Reached skill level 1 in Invocations
  5599 | D:5      | Noticed Ijyb
  5611 | D:5      | Killed Ijyb
  5793 | D:5      | Found a staircase to the Ecumenical Temple.
  6223 | D:5      | Found a shattered altar of Ashenzari.
  6417 | D:5      | Reached skill level 1 in Polearms
  6417 | D:5      | Reached XP level 9. HP: 40/61 MP: 10/15
  6663 | D:5      | Reached skill level 1 in Throwing
  6697 | D:5      | Killed Grinder
  6916 | D:6      | Found a shadowy altar of Dithmenos.
  6930 | D:6      | Found a stormy altar of Qazlal.
  7343 | D:6      | Reached *** piety under Okawaru
  7343 | D:6      | Reached skill level 5 in Armour
  7537 | D:6      | Found Iween's Magic Scroll Shoppe.
  7557 | D:6      | Bought a scroll of identify for 20 gold pieces
  7557 | D:6      | Bought a scroll of magic mapping for 35 gold pieces
  7563 | D:6      | Gained mutation: You have very sharp teeth. [potion of
                  | mutation]
  7563 | D:6      | Gained mutation: You are agile. (Dex +2) [potion of
                  | mutation]
  7563 | D:6      | Gained mutation: You are robust. (+10% HP) [potion of
                  | mutation]
  8083 | D:7      | Got a steaming spear
  8084 | D:7      | Identified the +9 spear of Kismet {pierce, +Inv Dex+7} (You
                  | found it on level 7 of the Dungeon)
  8118 | D:7      | Reached skill level 1 in Axes
  8574 | D:7      | Reached skill level 6 in Armour
  9061 | D:8      | Reached **** piety under Okawaru
  9112 | D:8      | Found a glowing silver altar of Zin.
  9175 | D:8      | Found Xousimma's Antique Weapon Shop.
  9191 | D:8      | Found Wuybror's Magic Scroll Boutique.
  9215 | D:8      | Reached skill level 7 in Armour
  9215 | D:8      | Reached skill level 5 in Invocations
  9215 | D:8      | Reached XP level 10. HP: 69/78 MP: 15/16
  9256 | D:8      | Reached skill level 8 in Armour
  9394 | D:8      | Noticed a three-headed hydra
  9402 | D:8      | Killed a three-headed hydra
  9402 | D:8      | Reached ***** piety under Okawaru
  9402 | D:8      | Reached skill level 5 in Fighting
  9465 | D:8      | Found a staircase to the Lair.
  9610 | D:8      | Found Faatit's General Store.
  9644 | D:8      | Found Rif Som's Gadget Shoppe.
  9727 | D:8      | Found Olled's General Store.
  9775 | D:8      | Found a shattered altar of Ashenzari.
 10150 | D:9      | Found a snail-covered altar of Cheibriados.
 10166 | D:9      | Reached skill level 9 in Armour
 10613 | D:9      | Found a radiant altar of Vehumet.
 10614 | D:9      | Found a burning altar of Makhleb.
 10727 | D:10     | Entered Level 10 of the Dungeon
 10733 | D:10     | Noticed a two-headed ogre
 10734 | D:10     | Reached XP level 11. HP: 91/91 MP: 4/17
 10863 | D:10     | Found a runed translucent door.
 10949 | D:10     | Received a gift from Okawaru
 11175 | D:10     | Killed a two-headed ogre
 11294 | D:10     | Found a runed translucent door.
 11375 | D:10     | Reached skill level 10 in Armour
 11571 | D:10     | Found a runed translucent door.
 11594 | D:10     | Found a runed translucent door.
 12121 | D:11     | Noticed a soul eater
 12293 | D:11     | Reached skill level 5 in Axes
 12491 | D:12     | Noticed an unseen horror
 12512 | D:12     | Killed an unseen horror
 12512 | D:12     | Reached skill level 1 in Evocations
 12512 | D:12     | Reached XP level 12. HP: 74/105 MP: 12/18
 12974 | D:12     | Found a staircase to the Orcish Mines.
 12981 | D:12     | Received a gift from Okawaru
 13087 | D:12     | Reached skill level 10 in Fighting
 13107 | D:12     | Noticed Gastronok
 13125 | D:12     | Reached skill level 11 in Armour
 13139 | D:12     | Killed Gastronok
 13446 | D:12     | Noticed a two-headed ogre
 13449 | D:12     | Found a transporter.
 13450 | D:12     | Identified the +11 great mace of Cusuh {freeze, *Contam
                  | rC++ rN+ Str+2}
 13450 | D:12     | Noticed a frost giant
 13456 | D:12     | Noticed a two-headed ogre
 13457 | D:12     | Noticed Xawouharch's ghost (journeyman GrVM)
 13460 | D:12     | Noticed a two-headed ogre
 13462 | D:12     | Noticed a two-headed ogre
 13984 | D:13     | Found a gate leading to a gauntlet.
 13987 | Gauntlet | Entered a Gauntlet
 13987 | Gauntlet | Found a transporter.
 13987 | Gauntlet | Found a transporter.
 13991 | Gauntlet | Found a transporter.
 13991 | Gauntlet | Found a transporter.
 14000 | Gauntlet | Found a transporter.
 14001 | Gauntlet | Noticed a queen ant
 14012 | Gauntlet | Noticed a sixfirhy
 14013 | Gauntlet | Found a transporter.
 14014 | Gauntlet | Found the cursed necklace of Bloodlust {*Rage +Rage MR++
                  | Int-3 Slay+6 *Curse}
 14020 | Gauntlet | Noticed a death yak
 14022 | Gauntlet | Noticed a death yak
 14023 | Gauntlet | Found a transporter.
 14023 | Gauntlet | Found a transporter.
 14024 | Gauntlet | Noticed a death yak
 14024 | Gauntlet | Noticed a death yak
 14024 | Gauntlet | Noticed a death yak
 14045 | Gauntlet | Found a transporter.
 14054 | Gauntlet | Found a transporter.
 14068 | Gauntlet | Found a transporter.
 14088 | Gauntlet | Found a transporter.
 14121 | Gauntlet | Found a transporter.
 14141 | Gauntlet | Found a transporter.
 14234 | Gauntlet | Found a transporter.
 14255 | Gauntlet | Found a transporter.
 14257 | Gauntlet | Noticed a fire crab
 14399 | Gauntlet | Reached skill level 12 in Armour
 14411 | Gauntlet | Killed a queen ant
 14849 | Gauntlet | Killed a fire crab
 14864 | Gauntlet | Reached XP level 13. HP: 28/115 MP: 4/20
 15315 | Gauntlet | Got a vibrating diamond amulet
 15568 | Gauntlet | Identified the amulet of Xom's Castigation {Inacc rPois rN+
                  | Str+5} (You found it in a Gauntlet)
 15607 | Gauntlet | Noticed a minotaur
 15615 | Gauntlet | Killed a minotaur
 16145 | D:13     | Reached skill level 13 in Armour
 16564 | D:13     | Noticed an eight-headed hydra
 16581 | D:13     | Killed a one-headed hydra
 18334 | D:13     | Noticed a six-headed hydra
 18342 | D:13     | Noticed an ironheart preserver
 18348 | D:13     | Killed a one-headed hydra
 18774 | Lair:1   | Entered Level 1 of the Lair of Beasts
 18842 | Lair:1   | Noticed a four-headed hydra
 18852 | Lair:1   | Killed a one-headed hydra
 19069 | Lair:1   | Received a gift from Okawaru
 19438 | Lair:1   | Noticed a seven-headed hydra
 19462 | Lair:1   | Killed a one-headed hydra
 19462 | Lair:1   | Received a gift from Okawaru
 19978 | Lair:1   | Reached skill level 14 in Armour
 21143 | Lair:2   | Noticed Nergalle
 21162 | Lair:2   | Killed Nergalle
 21162 | Lair:2   | Reached XP level 14. HP: 88/124 MP: 14/21
 23078 | Lair:3   | Received a gift from Okawaru
 23262 | Lair:3   | Reached skill level 1 in Shields
 24120 | Lair:4   | Found an opulent altar of Gozag.
 24201 | Lair:4   | Reached skill level 10 in Axes
 24809 | Lair:4   | Found a staircase to the Snake Pit.
 25455 | Lair:4   | Found a staircase to the Shoals.
 26521 | Lair:5   | Reached skill level 15 in Armour
 27349 | Lair:5   | Received a gift from Okawaru
 27865 | Lair:6   | Entered Level 6 of the Lair of Beasts
 27995 | Lair:5   | HP: 4/126 [spiny frog (6)]
 28730 | Lair:6   | Reached XP level 15. HP: 103/132 MP: 22/22
 29037 | Lair:6   | Found a bloodstained altar of Trog.
 29972 | Lair:6   | Got a brightly glowing iron ring
 29973 | Lair:6   | Identified the ring "Xoing" {+Blink rC- rCorr Dex-4 Stlth+}
                  | (You found it on level 6 of the Lair of Beasts)
 30279 | Lair:6   | Found a staircase to the Slime Pits.
 30799 | Orc:1    | Entered Level 1 of the Orcish Mines
 31012 | Orc:1    | Reached skill level 5 in Shields
 31144 | Orc:1    | Noticed Erica
 31155 | Orc:1    | Reached skill level 5 in Throwing
 31164 | Orc:1    | Killed Erica
 31466 | Orc:1    | Found a runed translucent gate.
 31466 | Orc:1    | Found a runed translucent gate.
 31466 | Orc:1    | Found a runed translucent gate.
 31468 | Orc:1    | Found an opulent altar of Gozag.
 31469 | Orc:1    | Noticed Yermak's ghost (journeyman CeFE)
 31470 | Orc:1    | Found Qooro's Assorted Antiques.
 31775 | Orc:2    | Entered Level 2 of the Orcish Mines
 31867 | Orc:2    | Found a burning altar of Makhleb.
 31902 | Orc:2    | Found a staircase to the Elven Halls.
 31989 | Orc:2    | Found Ikenge's Weapon Emporium.
 32199 | Orc:2    | HP: 1/133 [orc high priest/divine providence (11)]
 32200 | Orc:2    | Demolished by a sun demon

Levels and vault maps discovered:
D:1:      nzn_arrival_crosshair, layout_basic
D:2:      layout_loops_cross, first_ration, columned_hall_lemuel, hex_large,
          uniq_jessica, uniq_robin
D:3:      layout_loops_corners, uniq_crazy_yiuf_cottage
D:4:      layout_basic, grunt_temple_overflow_open
D:5:      layout_basic, ashenzari_altar_1, lemuel_temple_firewalk_a,
          serial_corexii_hall, corexii_hall_statues_x, corexii_hall_statues_x,
          uniq_ijyb, uniq_prince_ribbit1, uniq_pikel, uniq_grinder
D:6:      layout_basic, nicolae_qazlal_style_of_elements, serial_shops,
          nicolae_shop_temple_entry_statues_fountains, grunt_dithmenos_smoke
D:7:      layout_gridville
D:8:      layout_loops_ring, zin_academy, lair_entry_dummy, serial_shops, shop,
          shop, nicolae_shop_waterfront, shop, kennysheep_mini,
          corexii_leaking_fountain, hangedman_ranch [blue_anna_fruit_fields],
          lemuel_tele_altar
D:9:      layout_irregular_city, grunt_temple_overflow_lords_of_destruction,
          kennysheep_mini_moat
D:10:     layout_cave_pools, st_stairs_6, minmay_statue_crystal_thing
D:11:     layout_basic, special_room [special_room_kobold]
D:12:     layout_rooms, kennysheep_orc_monster_closet_entryway,
          gammafunk_ghost_smash, uniq_gastronok
D:13:     layout_loops_ring, skrybe_vaults_entry_preservation,
          gauntlet_entry_generic, drop_trap, uniq_urug
Lair:1:   layout_regular_city, kennysheep_abandoned_house
Lair:2:   layout_regular_city, eino_house_with_fridge, uniq_nergalle
Lair:3:   layout_big_grid, beast_lair_carwin_11
Lair:4:   layout_hall_layers, elwin_shoals_entry_rocks,
          minmay_snake_entry_six_corridors, basic_altar,
          infiniplex_staircase_pool
Lair:5:   layout_hall_layers, grunt_megastairs_1
Lair:6:   grunt_lair_end_beastmaster, layout_regular_city,
          dpeg_slime_entry_corner, basic_altar
Orc:1:    layout_caves, ebering_ghost_gozag, guppyfry_library_mini, uniq_erica
Orc:2:    st_orc_mages, layout_diamond_mine, serial_shops, shop, bloody_makhleb,
          uniq_nessos

Skill      XL: |  1  2  3  4  5  6  7  8  9 10 11 12 13 14 15 |
---------------+----------------------------------------------+-----
Air Magic      | 1 2 3 4 |  4.5
Armour         | 1 2 3 4 7 9 10 12 14 15 | 15.5
Poison Magic   | 5 6 |  6.7
Short Blades   | 1 2 |  2.4
Fighting       | 1 2 3 6 9 10 11 12 | 12.2
Spellcasting   | 3 4 |  4.4
Invocations    | 2 5 6 8 9 |  9.4
Polearms       | 1 2 |  2.5
Throwing       | 1 3 5 |  5.1
Axes           | 2 3 5 6 9 11 12 | 12.3
Evocations     | 1 2 |  2.2
Shields        | 3 5 |  5.4
Dodging        | |  1.7
Stealth        | |  2.4
Transmutations | |  1.7

Action                   |  1- 3 |  4- 6 |  7- 9 | 10-12 | 13-15 || total
-------------------------+-------+-------+-------+-------+-------++-------
Melee: Dagger            |    69 |   149 |    45 |       |       ||   263
       Club              |     1 |       |       |       |       ||     1
       Trident           |       |       |    46 |       |       ||    46
       Spear             |       |       |    70 |   442 |    22 ||   534
       Hand axe          |       |       |    17 |       |  1224 ||  1241
       Bite              |       |       |     4 |    72 |   205 ||   281
       Punch             |       |       |       |     8 |     4 ||    12
       Battleaxe         |       |       |       |       |    86 ||    86
Throw: Dart              |     3 |    12 |     5 |    14 |   146 ||   180
       Boomerang         |       |       |       |       |   153 ||   153
       Javelin           |       |       |       |       |    18 ||    18
 Cast: Sting             |    12 |       |       |       |       ||    12
       Poisonous Vapours |     2 |    32 |    76 |    63 |    37 ||   210
       Olgreb's Toxic Ra |       |       |     3 |    26 |       ||    29
Invok: Heroism           |       |       |     2 |     7 |    15 ||    24
       Finesse           |       |       |       |     1 |     9 ||    10
 Abil: Dig               |       |       |       |     1 |     1 ||     2
       Evoke Invisibilit |       |       |       |       |     1 ||     1
Evoke: Wand              |       |       |       |     2 |     4 ||     6
       Box of beasts     |       |       |       |       |     2 ||     2
  Use: Scroll            |       |       |    10 |     4 |     9 ||    23
       Potion            |       |       |     1 |       |     5 ||     6
 Stab: Sleeping          |     2 |     2 |     1 |     9 |       ||    14
       Distracted        |       |       |       |     6 |       ||     6
       Invisible         |       |       |       |       |     2 ||     2
       Petrified         |       |       |       |       |    11 ||    11
       Petrifying        |       |       |       |       |     1 ||     1
  Eat: Chunk             |     3 |    12 |    13 |    22 |    41 ||    91
       Ration            |       |       |     1 |     2 |     5 ||     8
Armor: Robe              |    13 |    32 |       |       |       ||    45
       Ring mail         |       |    10 |    64 |   130 |       ||   204
       Plate armour      |       |       |       |       |   498 ||   498
       Chain mail        |       |       |       |       |   251 ||   251
Dodge: Dodged            |    42 |   106 |   139 |   250 |   397 ||   934
Block: Shield            |       |       |       |       |   117 ||   117
       Buckler           |       |       |       |       |   161 ||   161

Table legend:
 A = Non-vault XP
 B = Vault XP
 C = Vault XP percentage of total XP
 D = Non-vault monster count
 E = Vault monster count
 F = Vault count percentage of total count
                 A         B        C        D         E       F
            +---------+---------+-------+---------+---------+-------
      Total |   58873 |   33500 |  36.3 |     466 |     177 |  27.5
            +---------+---------+-------+---------+---------+-------
        D:1 |      46 |       0 |   0.0 |      24 |       0 |   0.0
        D:2 |      80 |      66 |  45.2 |      23 |      10 |  30.3
        D:3 |      70 |      40 |  36.4 |      18 |       1 |   5.3
        D:4 |     248 |       0 |   0.0 |      16 |       0 |   0.0
        D:5 |     613 |     860 |  58.4 |      23 |       3 |  11.5
        D:6 |     355 |       0 |   0.0 |      11 |       0 |   0.0
        D:7 |    1182 |       0 |   0.0 |      30 |       0 |   0.0
        D:8 |     913 |    2113 |  69.8 |      17 |       8 |  32.0
        D:9 |     744 |      50 |   6.3 |      15 |       1 |   6.2
       D:10 |    3304 |     466 |  12.4 |      34 |       3 |   8.1
       D:11 |    1815 |    2145 |  54.2 |      28 |      24 |  46.2
       D:12 |    3956 |    4187 |  51.4 |      39 |      21 |  35.0
       D:13 |    7467 |     542 |   6.8 |      25 |       2 |   7.4
     Lair:1 |    3719 |     651 |  14.9 |      10 |      17 |  63.0
     Lair:2 |    4454 |    1578 |  26.2 |      16 |      13 |  44.8
     Lair:3 |    2908 |     680 |  19.0 |      10 |       3 |  23.1
     Lair:4 |    3774 |    2536 |  40.2 |      19 |      18 |  48.6
     Lair:5 |   11299 |     439 |   3.7 |      37 |       1 |   2.6
     Lair:6 |    7471 |    7960 |  51.6 |      31 |      16 |  34.0
      Orc:1 |    4107 |    1388 |  25.3 |      34 |      11 |  24.4
      Orc:2 |     348 |    1698 |  83.0 |       6 |      11 |  64.7
   Gauntlet |       0 |    6101 | 100.0 |       0 |      14 | 100.0
            +---------+---------+-------+---------+---------+-------
